 Dungeon Crawl Stone Soup version 0.28-a0-1033-g1a2f33fa85 (webtiles) character file.

Game seed: 8516535704107356801

23979 olmar the Severer (level 13, -4/122 HPs)
             Began as a Hill Orc Fighter on Dec 5, 2021.
             Was a High Priest of Qazlal.
             Hit by a large rock thrown by a cyclops (6 damage)
             ... on level 13 of the Dungeon on Dec 7, 2021.
             The game lasted 00:18:20 (12334 turns).

olmar the Severer (Hill Orc Fighter)               Turns: 12334, Time: 00:18:21

Health: -4/122     AC: 18    Str: 24    XL:     13   Next: 10%
Magic:  13/13      EV:  7    Int:  8    God:    Qazlal [*****.]
Gold:   701        SH: 12    Dex: 10    Spells: 12/12 levels left

rFire   . . .      SeeInvis +   a - +0 war axe
rCold   . . .      Faith    .   c - +0 buckler
rNeg    . . .      Spirit   .   n - +0 plate armour
rPois   .          Reflect  .   j - +2 helmet
rElec   .          Harm     .   (no cloak)
rCorr   .          Rampage  .   (no gloves)
Will    .....                   (no boots)
Stlth   ..........              A - amulet of regeneration
HPRegen 1.10/turn               f - +4 ring of slaying
MPRegen 0.13/turn               H - ring of see invisible

@: repel missiles
A: no striking features
a: Renounce Religion, Upheaval, Elemental Force, Disaster Area


You were on level 13 of the Dungeon.
You worshipped Qazlal.
Qazlal was extremely pleased with you.
You visited 1 branch of the dungeon, and saw 14 of its levels.
You also visited: Ossuary.

You collected 701 gold pieces.

Inventory:

Hand Weapons
 a - a +0 war axe (weapon)
 E - a +1 hand axe of electrocution
Missiles
 l - 2 javelins (quivered)
 q - 7 throwing nets
Armour
 b - a +0 scale mail
 c - a +0 buckler (worn)
 j - a +2 helmet (worn)
 n - a +0 plate armour (worn)
Jewellery
 f - a +4 ring of slaying (left hand)
 t - a ring of ice
 A - an amulet of regeneration (around neck)
 H - a ring of see invisible (right hand)
 I - a +6 ring of dexterity
 K - a ring of flight
Wands
 F - a wand of polymorph (10)
 L - a wand of mindburst (4)
Scrolls
 d - 2 scrolls of amnesia
 e - 3 scrolls of blinking
 g - 2 scrolls of brand weapon
 h - 4 scrolls of enchant armour
 k - a scroll of acquirement
 r - a scroll of identify
 s - 2 scrolls of fear
 u - 2 scrolls of enchant weapon
 y - a scroll of vulnerability
 z - a scroll of fog {unknown}
 B - 3 scrolls of noise {unknown}
 D - a scroll of teleportation
 M - a scroll of immolation {unknown}
 Q - a scroll of torment {unknown}
Potions
 i - a potion of lignification
 m - a potion of might
 o - 4 potions of haste
 p - 3 potions of attraction
 v - 3 potions of brilliance
 w - 4 potions of cancellation
 x - 2 potions of invisibility
 C - a potion of resistance
 N - 2 potions of flight
 O - 3 potions of curing
 P - a potion of mutation {unknown}


   Skills:
 + Level 13.1 Fighting
 + Level 18.2 Axes
 + Level 11.1 Armour
 - Level 0.5 Dodging
 + Level 9.5 Shields
 - Level 0.4 Unarmed Combat
 - Level 0.2 Evocations


You had 12 spell levels left.
You didn't know any spells.
Your spell library contained the following spells:

 Spells                   Type           Power      Damage    Failure   Level
 Sandblast                Erth           0%         2d4       99%         1
 Sting                    Tmut/Pois      0%         1d3       99%         1
 Passwall                 Tmut/Erth      0%         N/A       100%        2
 Poisonous Vapours        Pois/Air       0%         N/A       100%        2
 Stone Arrow              Conj/Erth      0%         3d7       100%        3
 Animate Dead             Necr           0%         N/A       100%        4
 Olgreb's Toxic Radiance  Pois           0%         N/A       100%        4
 Haunt                    Necr/Summ      0%         N/A       100%        7
 Infestation              Necr           0%         N/A       100%        8


Dungeon Overview and Level Annotations

Branches:
Dungeon (14/15)            Temple (0/1) D:6            Lair (0/6) D:8
    Orc (0/2) D:12        Ossuary (visited)
 Vaults: D:13-14

Altars:
Ashenzari
Dithmenos
Elyvilon
Gozag
Okawaru
Qazlal
Sif Muna
Yredelemnul
The Shining One

Annotations:
D:3 2 transporters, bearlyready's ghost, weakling HOGl
D:4 1 runed translucent door, Crazy Yiuf
D:12 exclusion: orange crystal statue
D:13 2 transporters, AttackTheMoon's ghost, journeyman NaVM; Azrael; Jorgrun


Message History

* * * LOW HITPOINT WARNING * * *
The troll claws you.
* * * LOW HITPOINT WARNING * * *
The troll claws you.
* * * LOW HITPOINT WARNING * * *
The fire elemental is struck by lightning.
The fire elemental sizzles in the rain.
Unknown command.
Found a scroll of vulnerability and a scale mail.
Unknown command.
You slash the hell hound!
You kill the hell hound!
Qazlal accepts your kill.
Unknown command.
Unknown command.
Found a stone staircase leading down.
The swamp dragon changes into a komodo dragon!
The fire elemental is engulfed in freezing vapours.
Found a club.
The fire elemental is engulfed in freezing vapours.
Azrael's eyes look fiery.
The fire elemental is engulfed in freezing vapours.
The fire elemental barely misses you.
The fire elemental disappears in a puff of smoke!
Azrael is momentarily hidden by a cloud of flames.
A cyclops comes into view.
You feel less protected from fire.
The cyclops throws a large rock.
You block the large rock.
Azrael howls in rage.
You block the fire elemental's attack.
The fire elemental disappears in a puff of smoke!
Found 16 gold pieces.
Azrael gestures at you.
The sphere of damnation explodes!
The damnation engulfs you!
* * * LOW HITPOINT WARNING * * *
Unknown command.
Found 11 poisoned darts.
The komodo dragon changes into a mana viper!
The cyclops throws a large rock.
The large rock hits you.
You die...

(.............##
#$....C........##
.....#..........# #.
.....).......#.. ##...
.......[.....#.##.....
.....☼.§..°#.#.......#
......○^○○.>.).......#
.#@.T..........##
#...................##
#.....○..§°...........#
.....#########.†......#
....##8Wu[Jc8##R☼...... ......
......#.....D.SW#........ ......
...$..#.#....)#.#........
.....##......#..#...#..#........
.......... ....©....#☼.#.###.


You could see a seven-headed hydra, a purple ugly thing, a slime creature, a
centaur warrior, a cyclops, a mana viper shaped shifter, a troll, a wraith and
AttackTheMoon's ghost.

Vanquished Creatures
  Josephine (D:10)
  Harold (D:7)
  A boulder beetle (D:12)
  A death knight (D:12)
  4 two-headed ogres
  A hell knight (D:10)
  Pikel (D:4)
  A deep elf pyromancer (D:11)
  An ugly thing (D:14)
  8 cyclopes
  Maurice (D:9)
  Maggie (D:6)
  Psyche (D:9)
  2 trolls
  Prince Ribbit (D:7)
  A hornet (D:9)
  Sigmund (D:5)
  2 shadows
  5 wraiths
  A wyvern (D:10)
  2 humans (D:12)
  14 yaks
  2 fire elementals (D:13)
  13 vampire mosquitoes
  Grum (D:8)
  Edmund (D:5)
  2 wargs (D:8)
  6 hell hounds
  An acid dragon (D:12)
  Duvessa (D:7)
  4 orc warriors
  A sky beast (D:5)
  2 ice beasts
  2 ogres
  A black bear (D:6)
  4 wolves
  A necrophage (D:4)
  8 centaurs
  A phantom (D:4)
  2 lemures (D:4)
  3 elf zombies (Ossuary)
  A kobold brigand (D:7)
  5 bullfrogs
  5 scorpions
  A gnoll sergeant (D:9)
  A wyvern zombie (D:6)
  Dowan (D:7)
  16 killer bees
  3 water moccasin skeletons
  A howler monkey (D:3)
  5 centaur zombies
  5 jellies
  A gnoll shaman (D:8)
  2 hounds
  7 orc priests
  A human zombie (Ossuary)
  An iguana (D:5)
  13 orc wizards
  Ijyb (D:5)
  2 mummies (Ossuary)
  Robin (D:2)
  23 gnolls
  12 adders
  A white imp (D:7)
  An adder skeleton (D:4)
  An adder zombie (D:5)
  A worm (D:2)
  A dart slug (D:5)
  36 orcs
  7 ball pythons
  5 endoplasms
  3 giant cockroaches
  12 goblins
  5 hobgoblins
  8 jackals
  A quokka (D:4)
  7 bats
  12 frilled lizards
  9 hobgoblin zombies (Ossuary)
  4 jackal zombies (Ossuary)
  5 kobolds
  10 kobold zombies (Ossuary)
  7 orc zombies (Ossuary)
  A quokka zombie (D:6)
  2 rats (D:2)
  A rat zombie (D:6)
  A butterfly (D:6)
357 creatures vanquished.

Vanquished Creatures (others)
  5 plants
5 creatures vanquished.

Grand Total: 362 creatures vanquished

Notes
Turn   | Place    | Note
-------+----------+-------------------------------------------
     0 | D:1      | olmar the Hill Orc Fighter began the quest for the Orb.
     0 | D:1      | Reached XP level 1. HP: 19/19 MP: 1/1
   152 | D:1      | Reached XP level 2. HP: 24/27 MP: 2/2
   157 | D:1      | Reached skill level 3 in Axes
   583 | D:1      | Reached XP level 3. HP: 21/33 MP: 3/3
   584 | D:1      | Reached XP level 4. HP: 25/40 MP: 4/4
   721 | D:2      | Found a shimmering blue altar of Sif Muna.
   784 | D:2      | Reached skill level 4 in Axes
  1136 | D:2      | Noticed Robin
  1144 | D:2      | Reached XP level 5. HP: 47/47 MP: 5/5
  1145 | D:2      | Killed Robin
  1640 | D:3      | Reached skill level 5 in Axes
  1768 | D:3      | Noticed bearlyready's ghost (weakling HOGl)
  1769 | D:3      | Found a transporter.
  1772 | D:3      | Noticed a necrophage
  1803 | D:3      | Reached XP level 6. HP: 50/55 MP: 6/6
  1856 | D:3      | Found a transporter.
  1973 | D:3      | Found a glowing golden altar of the Shining One.
  1974 | D:3      | Found a broken altar of Ashenzari.
  1974 | D:3      | Found a stormy altar of Qazlal.
  1979 | D:3      | Found a shadowy altar of Dithmenos.
  1989 | D:3      | Became a worshipper of Qazlal Stormbringer
  2206 | D:3      | Found a basalt altar of Yredelemnul.
  2367 | D:4      | Noticed a necrophage
  2376 | D:4      | Killed a necrophage
  2377 | D:4      | Reached skill level 5 in Fighting
  2377 | D:4      | Reached skill level 6 in Axes
  2604 | D:4      | Reached skill level 7 in Axes
  2604 | D:4      | Reached XP level 7. HP: 56/61 MP: 7/7
  2636 | D:4      | Noticed Pikel
  2648 | D:4      | HP: 2/61 [Pikel (4)]
  2979 | D:4      | Identified a scroll of acquirement
  3007 | D:4      | HP: 2/61 [orc priest/divine providence (12)]
  3469 | D:4      | Reached skill level 5 in Armour
  3583 | D:4      | Reached skill level 8 in Axes
  3613 | D:4      | Killed Pikel
  3614 | D:4      | Reached skill level 9 in Axes
  3614 | D:4      | Reached XP level 8. HP: 51/70 MP: 8/8
  3893 | D:4      | Found a runed translucent door.
  3894 | D:4      | Noticed Crazy Yiuf
  4050 | D:5      | Entered Level 5 of the Dungeon
  4066 | D:5      | Noticed Edmund
  4085 | D:5      | Killed Edmund
  4086 | D:5      | Reached skill level 10 in Axes
  4227 | D:5      | Noticed Sigmund
  4255 | D:5      | Noticed Ijyb
  4257 | D:5      | Killed Sigmund
  4263 | D:5      | Reached * piety under Qazlal
  4267 | D:5      | Killed Ijyb
  4268 | D:5      | Reached skill level 5 in Shields
  4268 | D:5      | Reached XP level 9. HP: 41/78 MP: 9/9
  4561 | D:5      | Reached skill level 11 in Axes
  4967 | D:6      | Found a sand-covered staircase.
  4975 | Ossuary  | Entered an ossuary
  5026 | Ossuary  | Reached ** piety under Qazlal
  5179 | Ossuary  | Reached skill level 12 in Axes
  5452 | D:6      | Noticed Maggie
  5464 | D:6      | Paralysed by Maggie for 3 turns
  5476 | D:6      | Killed Maggie
  5485 | D:6      | Reached skill level 13 in Axes
  5973 | D:6      | Found a white marble altar of Elyvilon.
  6392 | D:6      | Found a staircase to the Ecumenical Temple.
  6424 | D:6      | Reached XP level 10. HP: 88/88 MP: 10/10
  6604 | D:7      | Noticed Duvessa
  6604 | D:7      | Noticed Dowan
  6609 | D:7      | Killed Duvessa
  6610 | D:7      | Killed Dowan
  6670 | D:7      | Reached *** piety under Qazlal
  6822 | D:7      | Noticed Prince Ribbit
  6827 | D:7      | Killed Prince Ribbit
  6979 | D:7      | Reached skill level 14 in Axes
  7240 | D:7      | Noticed a cyclops
  7246 | D:7      | Killed a cyclops
  7291 | D:7      | Noticed Harold
  7309 | D:7      | Killed Harold
  8076 | D:8      | Noticed Grum
  8433 | D:8      | Reached skill level 15 in Axes
  8503 | D:8      | Reached **** piety under Qazlal
  8538 | D:8      | Reached XP level 11. HP: 95/97 MP: 11/11
  8552 | D:8      | Killed Grum
  8640 | D:8      | Found a staircase to the Lair.
  8975 | D:9      | Found an opulent altar of Gozag.
  8983 | D:9      | Paralysed by a hornet for 1 turns
  9007 | D:9      | HP: 4/99 [gnoll (8)]
  9170 | D:9      | Noticed Psyche
  9179 | D:9      | Killed Psyche
  9330 | D:9      | Reached skill level 10 in Fighting
  9437 | D:9      | Noticed Maurice
  9450 | D:9      | Killed Maurice
  9451 | D:9      | Reached skill level 16 in Axes
  9746 | D:10     | Entered Level 10 of the Dungeon
  9769 | D:10     | Noticed a two-headed ogre
  9790 | D:10     | Killed a two-headed ogre
  9792 | D:10     | Noticed Josephine
  9815 | D:10     | Killed Josephine
  9892 | D:10     | Reached ***** piety under Qazlal
 10051 | D:10     | Noticed a hell knight
 10062 | D:10     | Killed a hell knight
 10063 | D:10     | Reached XP level 12. HP: 56/109 MP: 12/12
 10170 | D:10     | Noticed a hell knight
 10171 | D:10     | Noticed a hell knight
 10171 | D:10     | Noticed a hell knight
 10333 | D:10     | Reached skill level 17 in Axes
 10579 | D:11     | Identified the +0 leather armour "Amaytag" {Int+3}
 10668 | D:11     | Noticed a two-headed ogre
 10677 | D:11     | Killed a two-headed ogre
 10737 | D:11     | Reached skill level 10 in Armour
 10962 | D:11     | Noticed a two-headed ogre
 10972 | D:11     | Killed a two-headed ogre
 11341 | D:12     | Noticed a two-headed ogre
 11346 | D:12     | Killed a two-headed ogre
 11378 | D:12     | Found an iron altar of Okawaru.
 11503 | D:12     | Noticed a death knight
 11523 | D:12     | Killed a death knight
 11677 | D:12     | Noticed a boulder beetle
 11683 | D:12     | Found a staircase to the Orcish Mines.
 11692 | D:12     | Killed a boulder beetle
 11708 | D:12     | Reached skill level 18 in Axes
 12180 | D:13     | Noticed Azrael
 12185 | D:13     | Noticed Jorgrun
 12187 | D:13     | Noticed a catoblepas
 12194 | D:13     | Found a transporter.
 12194 | D:13     | Noticed a centaur warrior
 12194 | D:13     | Noticed AttackTheMoon's ghost (journeyman NaVM)
 12196 | D:13     | Noticed a seven-headed hydra
 12219 | D:14     | Reached XP level 13. HP: 46/119 MP: 13/13
 12300 | D:13     | Upgraded the game from 0.28-a0-998-gb9e9c7b67e to
                  | 0.28-a0-1033-g1a2f33fa85
 12315 | D:13     | Found a transporter.
 12333 | D:13     | HP: 1/122 [Azrael/damnation (15)]
 12334 | D:13     | Hit by a large rock thrown by a cyclops

Illustrated notes

Levels and vault maps discovered:
D:1:      matt_arrival_los_fun, layout_basic, minmay_tetromino_i2
D:2:      minmay_wonky_spiral, layout_rooms, basic_altar, uniq_robin
D:3:      layout_basic, grunt_temple_overflow_open,
          lemuel_coloured_pillars_altar, gammafunk_ghost_mausoleum,
          roderic_three_in_a_row
D:4:      layout_loops_corners, uniq_crazy_yiuf_cottage, uniq_pikel
D:5:      layout_rooms, minmay_lizard_king, uniq_edmund, uniq_ijyb, uniq_sigmund
D:6:      layout_cave_pods, nicolae_elyvilon_peaceful_grove,
          minmay_temple_entry_statues, enter_ossuary_4, uniq_maggie
D:7:      layout_layer_cave, minmay_holes, uniq_prince_ribbit1, uniq_harold,
          uniq_duvessa
D:8:      layout_loops_ring, erik_lair_orcish_takeover, uniq_grum
D:9:      layout_basic, lemuel_crystal_altar, uniq_maurice, uniq_psyche
D:10:     layout_gridville, minmay_rotating_lava, uniq_josephine
D:11:     layout_irregular_city
D:12:     layout_irregular_city, orc_0_dummy, minivault_16,
          minmay_misc_feat_plants, okawaru_humans
D:13:     layout_cave_pools, gammafunk_ghost_arena, lemuel_blue_sif_altar,
          uniq_jorgrun, uniq_azrael
D:14:     layout_basic, david_vaults_5, minmay_misc_feat_roman

Skill      XL: |  1  2  3  4  5  6  7  8  9 10 11 12 13 |
---------------+----------------------------------------+-----
Axes           | 3 4 5 7 9 10 13 15 16 18 | 18.2
Fighting       | 4 5 6 8 9 11 12 13 | 13.1
Armour         | 4 5 6 7 8 9 10 11 | 11.1
Shields        | 4 5 6 7 9 |  9.5
Dodging        | |  0.5
Unarmed Combat | |  0.4
Evocations     | |  0.2

Action                   |  1- 3 |  4- 6 |  7- 9 | 10-12 | 13-15 || total
-------------------------+-------+-------+-------+-------+-------++-------
Melee: War axe           |    33 |   124 |   299 |   582 |    24 ||  1062
       Unarmed           |       |       |       |     3 |       ||     3
Evoke: Wand              |       |       |     1 |    19 |       ||    20
  Use: Potion            |     1 |     1 |     7 |     5 |     1 ||    15
       Scroll            |       |       |    12 |     4 |     1 ||    17
 Stab: Paralysed         |       |       |     4 |    14 |       ||    18
       Invisible         |       |       |     2 |       |       ||     2
       Petrified         |       |       |       |     1 |     5 ||     6
       Petrifying        |       |       |       |       |     2 ||     2
Armor: Scale mail        |    19 |    59 |       |       |       ||    78
       Skin              |       |    14 |       |       |       ||    14
       Plate armour      |       |     2 |   147 |   260 |    26 ||   435
Dodge: Dodged            |    27 |    73 |    65 |   124 |     5 ||   294
Block: Buckler           |    10 |    28 |    71 |   243 |    22 ||   374

Table legend: (Time is in decaauts)
 A = Elapsed time spent in this place.
 B = Non-inter-level travel time spent in this place.
 C = Inter-level travel time spent in this place.
 D = Time resting spent in this place.
 E = Time spent auto-exploring this place.
 F = Levels seen in this place.
 G = Mean time per level.
                   A        B        C        D        E       F      G
               +--------+--------+--------+--------+--------+-----+--------+
         Total |  12222 |  11744 |    478 |   1726 |   7963 |  15 |  814.8 |
       Dungeon |  11842 |  11364 |    478 |   1626 |   7793 |  14 |  845.9 |
       Ossuary |    379 |    379 |      0 |    100 |    170 |   1 |  379.0 |
               +--------+--------+--------+--------+--------+-----+--------+

Top non-repeatable levels by time:
     D:7: 1588 daAuts
     D:4: 1410 daAuts
     D:6: 1267 daAuts
     D:3: 1227 daAuts
     D:2: 1039 daAuts
    D:12: 910 daAuts
     D:8: 820 daAuts
     D:5: 724 daAuts
    D:11: 719 daAuts
    D:10: 699 daAuts
     D:9: 693 daAuts
     D:1: 595 daAuts
 Ossuary: 379 daAuts
    D:14: 84 daAuts
    D:13: 61 daAuts
